 Dungeon Crawl Stone Soup version 0.27-a0-686-gaed091b46b (webtiles) character file.

Game seed: 3336320945424765549

17231 dolemite99 the Grappler (level 12, -13/109 HPs)
             Began as a Troll Warper on Mar 21, 2021.
             Was a Priest of Hepliaklqana.
             Mangled by a minotaur (27 damage)
             ... on level 11 of the Dungeon.
             The game lasted 00:19:58 (13612 turns).

dolemite99 the Grappler (Troll Warper)             Turns: 13612, Time: 00:19:58

Health: -13/109    AC: 11    Str: 26    XL:     12   Next: 17%
Magic:  18/18      EV: 10    Int: 11    God:    Hepliaklqana [***...]
Gold:   446        SH:  0    Dex: 15    Spells: 13/13 levels left

rFire    + . .     SeeInvis +     - Unarmed
rCold    . . .     Faith    .   (no shield)
rNeg     . . .     Spirit   .   a - +2 robe
rPois    .         Reflect  .   r - +2 hat
rElec    .         Harm     .   K - +2 cloak
rCorr    .         Rampage  .   (gloves unavailable)
Will     .....                  (boots unavailable)
Stlth    +.........             s - amulet "Aximny" {Regen+ Int+2 Slay+2 SInv}
HPRegen  2.28/turn              d - ring of protection from fire
MPRegen  0.16/turn              E - +6 ring of dexterity

@: about to teleport
A: reduced essence, large, unfitting armour, claws 3, regeneration 1, shaggy fur
1, tough skin 1
a: Renounce Religion, Recall Ancestor, Ancestor Identity, Transference


You were on level 11 of the Dungeon.
You worshipped Hepliaklqana.
Hepliaklqana was most pleased with you.
You visited 1 branch of the dungeon, and saw 11 of its levels.
You also visited: Sewer.

You collected 446 gold pieces.

Inventory:

Hand Weapons
 u - the +10 long sword "Mirat" {pain, +Blink rElec rPois Int-4}
   (You took it off an orc on level 4 of the Dungeon)

   In the hands of one skilled in necromantic magic, it inflicts extra damage on
   living creatures.
   It affects your intelligence (-4).
   It insulates you from electricity.
   It protects you from poison.
   It lets you blink.
 J - the +3 spear of Zyif {vorpal, rC+++ Will- Int+2 Stlth+}
   (You found it on level 7 of the Dungeon)

   It inflicts extra damage upon your enemies.
   It affects your intelligence (+2).
   It renders you almost immune to cold.
   It affects your willpower, your defense against some magical effects.
   It makes you more stealthy.
Missiles
 b - 298 stones
 e - 315 arrows
 i - 251 bolts
 j - 92 sling bullets
 q - 13 poisoned darts (quivered)
 y - 2 boomerangs
 I - 6 datura-tipped darts
Armour
 a - a +2 robe (worn)
 r - a +2 hat (worn)
 w - a +0 cloak
 K - a +2 cloak (worn)
Magical Staves
 v - a staff of death
 P - a staff of fire
Jewellery
 d - a ring of protection from fire (right claw)
 s - the amulet "Aximny" (around neck) {Regen+ Int+2 Slay+2 SInv}
   (You acquired it on level 9 of the Dungeon)

   [amulet of regeneration]

   It affects your intelligence (+2).
   It affects your accuracy and damage with ranged weapons and melee attacks
   (+2).
   It lets you see invisible.
   It increases your rate of regeneration.
 x - a ring of fire
 E - a +6 ring of dexterity (left claw)
Wands
 H - a wand of acid (8)
 L - a wand of iceblast (10)
 N - a wand of digging (6)
 R - a wand of polymorph (2)
Scrolls
 c - 3 scrolls of blinking
 m - 4 scrolls of teleportation
 o - 2 scrolls of fog
 p - 2 scrolls of summoning
 t - 2 scrolls of enchant armour
 A - 5 scrolls of magic mapping
 B - a scroll of fear {unknown}
 C - 2 scrolls of enchant weapon {unknown}
 G - a scroll of noise {unknown}
 Q - 2 scrolls of holy word {unknown}
 S - a scroll of identify {@r1}
Potions
 f - 3 potions of might
 g - 5 potions of brilliance
 h - a potion of cancellation {unknown}
 l - 6 potions of haste
 n - 3 potions of attraction
 z - a potion of flight {unknown}
 D - 3 potions of curing {unknown}
 M - 3 potions of heal wounds
 O - a potion of ambrosia {unknown}
Miscellaneous
 F - a phial of floods


   Skills:
 + Level 8.3 Fighting
 - Level 0.8 Throwing
 - Level 1.9 Dodging
 - Level 13.5 Unarmed Combat
 - Level 1.2 Spellcasting
 - Level 2.1 Translocations
 + Level 9.5 Invocations
 - Level 2.4 Evocations


You had 13 spell levels left.
You didn't know any spells.
Your spell library contained the following spells:

 Spells                   Type           Power      Damage    Failure   Level
 Blink                    Tloc           N/A        N/A       19%         2
 Magic Dart               Conj           0%         1d3       32%         1
 Summon Small Mammal      Summ           0%         N/A       32%         1
 Gell's Gravitas          Tloc           2%         N/A       36%         3
 Lesser Beckoning         Tloc           2%         N/A       36%         3
 Teleport Other           Tloc           5%         N/A       36%         3
 Call Imp                 Summ           0%         N/A       43%         2
 Poisonous Vapours        Pois/Air       0%         N/A       43%         2
 Slow                     Hex            0%         N/A       43%         2
 Call Canine Familiar     Summ           0%         N/A       67%         3
 Conjure Flame            Conj/Fire      0%         6-21      67%         3
 Mephitic Cloud           Conj/Pois/Air  0%         N/A       67%         3
 Summon Guardian Golem    Hex/Summ       0%         N/A       67%         3
 Manifold Assault         Tloc           5%         N/A       77%         4
 Summon Ice Beast         Ice/Summ       0%         N/A       97%         4
 Summon Lightning Spire   Summ/Air       0%         N/A       97%         4
 Freezing Cloud           Conj/Ice/Air   0%         6-21      100%        6


Dungeon Overview and Level Annotations

Branches:
Dungeon (11/15)            Temple (0/1) D:4            Lair (0/6) D:11
  Sewer (visited)
    Orc: D:9-12

Altars:
Gozag
Hepliaklqana
Nemelex Xobeh
Qazlal

Annotations:
D:5 3 runed translucent doors, jasper's ghost, novice TeAE


Innate Abilities, Weirdness & Mutations

Your life essence is reduced to manifest your ancestor. (-10% HP)
You are too large for most types of armour.
You have claws for hands.
Your natural rate of healing is unusually fast.
You are covered in fur. (AC +1)
You have tough skin. (AC +1)


Message History

The yak gores you but does no damage. The yak gores you!!
You mangle the yak!!
You kill the yak!
The yak barely misses you.
You mangle the yak!!
The yak is heavily wounded.
You eviscerate the yak!!!
You kill the yak!
The yak gores you.
You mangle the yak!!
The yak is almost dead.
The yak gores you.
A minotaur comes into view.
You completely miss the minotaur.
The minotaur furiously retaliates!
The minotaur headbutts you, but does no damage.
The yak gores you but does no damage.
You scratch the minotaur but do no damage.
The yak gores you!
You barely miss the minotaur.
The minotaur furiously retaliates!
The minotaur headbutts you, but does no damage.
You claw the minotaur!
The minotaur is lightly wounded.
The minotaur barely misses you. The minotaur gores you!
The yak gores you but does no damage.
You claw the minotaur!
The minotaur is moderately wounded.
The minotaur hits you!!
The minotaur gores you but does no damage.
You are too injured to fight recklessly!
You are too injured to fight recklessly!
As you read the scroll of teleportation, it crumbles to dust.
You feel strangely unstable.
The minotaur hits you but does no damage.
The minotaur gores you. The minotaur hits you. The minotaur gores you!
* * * LOW HITPOINT WARNING * * *
The minotaur hits you!!
* * * LOW HITPOINT WARNING * * *
The minotaur completely misses you. The minotaur hits you!!
You die...

..........#####....≈≈........
.........≈≈≈.....≈≈≈.........
...........≈≈≈..≈.≈≈.........
##########..≈≈≈≈≈≈≈..........
.......#..≈≈≈≈≈≈≈..........
#....#..≈≈≈≈≈≈..#####....
#....YYY..≈≈≈≈..#...'....
#...†YHH...≈.≈≈.#####....
#....#Y.@....≈≈..........
#...Y#######..≈≈.....####
#'###( #..≈≈.....#... .'. YY
#.≈≈......'... ##### .Y.
#.≈≈......#'#'
..#########.≈≈......#.#.
..≈≈≈≈....≈≈.......####
≈≈≈≈≈≈≈≈≈≈≈............
#.............)..#...


You could see 2 minotaurs, 2 death yaks and 3 yaks.

Vanquished Creatures
  A boulder beetle (D:11)
  A centaur warrior (D:11)
  A death yak (D:11)
  An ugly thing (D:11)
  A cyclops (D:11)
  8 yaktaurs (D:11)
  A komodo dragon (D:11)
  A troll (D:11)
  A hornet (D:8)
  6 yaks
  3 wyverns
  The ghost of acebull12 the Cutter, an amateur DsGl (D:3)
  An orc warrior (D:6)
  Duvessa (D:6)
  A sky beast (D:11)
  2 black bears
  3 ice beasts
  A necrophage (D:9)
  2 ogres
  7 centaurs
  A phantom (D:4)
  5 bullfrogs
  Dowan (D:6)
  A scorpion (D:6)
  6 killer bees
  10 wights
  An electric eel (D:11)
  5 howler monkeys
  2 bullfrog zombies
  A quasit (D:9)
  3 orc priests
  A jelly (D:8)
  8 hounds
  A bullfrog skeleton (D:11)
  2 iguanas
  11 orc wizards
  2 worker ants
  A killer bee zombie (D:6)
  A worker ant zombie (D:7)
  9 gnolls
  4 river rats (Sewer)
  12 adders
  3 white imps
  3 ufetubi
  An adder skeleton (D:5)
  A worm (D:5)
  2 dart slugs
  3 leopard geckos
  28 orcs
  3 giant cockroaches
  3 goblins
  6 hobgoblins
  7 jackals
  A quokka (D:5)
  6 ball pythons (Sewer)
  9 bats
  4 frilled lizards
  5 kobolds
  A leopard gecko skeleton (D:6)
  19 rats
237 creatures vanquished.

Vanquished Creatures (collateral kills)
  Harold (D:8)
  A boulder beetle (D:11)
  A death yak (D:11)
  2 two-headed ogres
  An unseen horror (D:10)
  A centaur zombie (D:10)
  A yaktaur (D:11)
  3 yaks
  An orc warrior (D:10)
  A sky beast (D:11)
  A black bear (D:8)
  An ogre (D:4)
  3 centaurs
  A phantom (D:9)
  A kobold brigand (D:10)
  2 bullfrogs (Sewer)
  A scorpion (D:8)
  4 killer bees (D:8)
  3 wights (D:11)
  A bullfrog zombie (D:7)
  An orc priest (D:6)
  2 centaur skeletons
  5 gnolls (D:11)
  4 adders
  A river rat (Sewer)
  An ufetubus (D:7)
  An ooze (Sewer)
  13 orcs
  5 ball pythons (Sewer)
  3 bats
  A hobgoblin (D:2)
  A jackal (D:8)
  A quokka (D:3)
  A frilled lizard (Sewer)
  A jackal zombie (D:6)
  5 kobolds
  13 rats
90 creatures vanquished.

Vanquished Creatures (others)
  4 knights
  3 ancestors
7 creatures vanquished.

Grand Total: 334 creatures vanquished

Notes
Turn   | Place    | Note
-------+----------+-------------------------------------------
     0 | D:1      | dolemite99 the Troll Warper began the quest for the Orb.
     0 | D:1      | Reached XP level 1. HP: 19/19 MP: 1/1
   255 | D:1      | Reached XP level 2. HP: 27/27 MP: 2/2
   268 | D:1      | Found a stormy altar of Qazlal.
   344 | D:1      | Reached skill level 3 in Unarmed Combat
   863 | D:2      | Found a hazy altar of Hepliaklqana.
   870 | D:2      | Became a worshipper of Hepliaklqana the Forgotten
  1014 | D:2      | Reached XP level 3. HP: 26/29 MP: 3/3
  1042 | D:2      | You fall into a shaft and drop 1 floor!
  1507 | D:3      | Reached skill level 4 in Unarmed Combat
  1552 | D:3      | Found a runed translucent door.
  1553 | D:3      | Noticed acebull12's ghost (amateur DsGl)
  1603 | D:3      | Reached * piety under Hepliaklqana
  1679 | D:3      | Reached XP level 4. HP: 20/36 MP: 4/4
  2334 | D:3      | Killed acebull12's ghost
  2335 | D:3      | Reached skill level 6 in Unarmed Combat
  2335 | D:3      | Reached XP level 5. HP: 19/43 MP: 5/5
  2733 | D:3      | Reached XP level 6. HP: 22/49 MP: 6/6
  2946 | D:4      | Reached skill level 7 in Unarmed Combat
  3570 | D:4      | Reached XP level 7. HP: 37/55 MP: 7/7
  3574 | D:4      | Reached skill level 8 in Unarmed Combat
  3704 | D:4      | Identified the +10 long sword "Mirat" {pain, +Blink rElec
                  | rPois Int-4}
  3847 | D:4      | Found a staircase to the Ecumenical Temple.
  4405 | D:5      | Entered Level 5 of the Dungeon
  4486 | D:5      | Reached ** piety under Hepliaklqana
  4487 | D:5      | Remembered your ancestor Aylmer as a knight
  4652 | D:5      | Found a runed translucent gate.
  4652 | D:5      | Found a runed translucent gate.
  4652 | D:5      | Found a runed translucent gate.
  4751 | D:5      | Found a glowing drain.
  4760 | Sewer    | Entered a sewer
  4994 | Sewer    | Reached XP level 8. HP: 54/70 MP: 8/8
  5333 | D:5      | Noticed jasper's ghost (novice TeAE)
  5615 | D:6      | Reached skill level 5 in Fighting
  5779 | D:6      | Noticed Dowan
  5780 | D:6      | Noticed Duvessa
  5790 | D:6      | Killed Duvessa
  5794 | D:6      | Killed Dowan
  6104 | D:6      | Reached *** piety under Hepliaklqana
  6465 | D:7      | Reached skill level 1 in Invocations
  6693 | D:7      | Found an opulent altar of Gozag.
  6848 | D:7      | Reached XP level 9. HP: 78/82 MP: 9/9
  6889 | D:7      | Identified the +3 spear of Zyif {vorpal, rC+++ Will- Int+2
                  | Stlth+}
  7475 | D:8      | Reached skill level 5 in Invocations
  8090 | D:8      | Found a sparkling altar of Nemelex Xobeh.
  8135 | D:8      | Reached **** piety under Hepliaklqana
  8149 | D:8      | Noticed Harold
  8159 | D:8      | Killed Harold
  8160 | D:8      | Reached XP level 10. HP: 32/90 MP: 13/15
  8625 | D:9      | Reached skill level 1 in Evocations
  9208 | D:9      | Noticed a two-headed ogre
  9468 | D:9      | Killed a two-headed ogre
  9469 | D:9      | Reached skill level 9 in Unarmed Combat
  9874 | D:9      | Identified a scroll of acquirement
  9874 | D:9      | Acquired the amulet "Aximny" {Regen+ Int+2 Slay+2 SInv}
  9913 | D:10     | Entered Level 10 of the Dungeon
  9932 | D:10     | Reached skill level 10 in Unarmed Combat
 10275 | D:10     | Noticed an unseen horror
 10301 | D:10     | Killed an unseen horror
 10302 | D:10     | Reached skill level 11 in Unarmed Combat
 10609 | D:11     | Noticed a boulder beetle
 10615 | D:11     | Reached XP level 11. HP: 94/96 MP: 16/16
 10630 | D:11     | Killed a boulder beetle
 10634 | D:11     | Noticed a boulder beetle
 10649 | D:11     | Reached skill level 12 in Unarmed Combat
 10652 | D:11     | Killed a boulder beetle
 11012 | D:11     | Noticed a white ugly thing
 11019 | D:11     | Killed a white ugly thing
 11037 | D:11     | Reached skill level 13 in Unarmed Combat
 12603 | D:11     | Noticed a two-headed ogre
 12609 | D:11     | Killed a two-headed ogre
 12750 | D:11     | Found a staircase to the Lair.
 12805 | D:11     | Noticed a centaur warrior
 12933 | D:11     | Killed a centaur warrior
 13238 | D:11     | Reached XP level 12. HP: 107/107 MP: 17/17
 13575 | D:11     | Noticed a death yak
 13575 | D:11     | Noticed a death yak
 13582 | D:11     | Killed a death yak
 13591 | D:11     | Killed a death yak
 13596 | D:11     | Noticed a minotaur
 13597 | D:11     | Noticed a death yak
 13600 | D:11     | Noticed a death yak
 13606 | D:11     | Noticed a minotaur
 13612 | D:11     | Mangled by a minotaur

Illustrated notes

Levels and vault maps discovered:
D:1:      dpeg_chamrin_arrival_tetris, layout_basic, kennysheep_flooded_box,
          minmay_distorted
D:2:      layout_rooms, old_standard_altar
D:3:      layout_basic, gammafunk_ghost_grave
D:4:      layout_basic, minmay_temple_entry_offerings
D:5:      layout_loops_ring, serial_glass, glass_columns_b, glass_columns_a,
          gup_sewer_entry_bowl, gammafunk_ghost_icy
D:6:      layout_basic, uniq_duvessa
D:7:      layout_loops_ring, grunt_gozag_statues
D:8:      layout_basic, basic_altar, uniq_harold
D:9:      layout_loops_ring, bh_walls_and_bars
D:10:     layout_cave_pools
D:11:     fort_yaktaur, layout_rooms, lair_entry_dummy

Skill      XL: |  1  2  3  4  5  6  7  8  9 10 11 12 |
---------------+-------------------------------------+-----
Unarmed Combat | 3 4 6 7 8 11 13 | 13.5
Fighting       | 3 6 7 8 |  8.3
Invocations    | 2 8 9 |  9.5
Evocations     | 2 |  2.4
Throwing       | |  0.8
Dodging        | |  1.9
Spellcasting   | |  1.2
Translocations | |  2.1

Action                   |  1- 3 |  4- 6 |  7- 9 | 10-12 || total
-------------------------+-------+-------+-------+-------++-------
Melee: Unarmed           |   111 |    65 |   274 |   206 ||   656
       Punch             |     1 |     1 |    10 |    19 ||    31
Throw: Boomerang         |     5 |       |       |       ||     5
       Stone             |    26 |     2 |    22 |       ||    50
       Dart              |       |       |    22 |    27 ||    49
Invok: Recall Ancestor   |     1 |     1 |     2 |     4 ||     8
       Ancestor Life: Kn |       |       |     1 |       ||     1
       Idealise          |       |       |       |     4 ||     4
Evoke: Wand              |       |       |       |    39 ||    39
  Use: Scroll            |       |       |     8 |     8 ||    16
       Potion            |       |       |     1 |     3 ||     4
 Stab: Distracted        |       |     1 |       |     2 ||     3
       Sleeping          |       |       |       |     2 ||     2
Armor: Robe              |    47 |    11 |   114 |    91 ||   263
Dodge: Dodged            |    71 |    25 |   144 |   135 ||   375

Table legend: (Time is in decaauts)
 A = Elapsed time spent in this place.
 B = Non-inter-level travel time spent in this place.
 C = Inter-level travel time spent in this place.
 D = Time resting spent in this place.
 E = Time spent auto-exploring this place.
 F = Levels seen in this place.
 G = Mean time per level.
                   A        B        C        D        E       F      G
               +--------+--------+--------+--------+--------+-----+--------+
         Total |  13566 |  13184 |    382 |   4636 |   6005 |  12 | 1130.5 |
       Dungeon |  13228 |  12846 |    382 |   4611 |   5863 |  11 | 1202.5 |
         Sewer |    337 |    337 |      0 |     24 |    142 |   1 |  337.0 |
               +--------+--------+--------+--------+--------+-----+--------+

Top non-repeatable levels by time:
     D:3: 2118 daAuts
    D:11: 1865 daAuts
    D:10: 1796 daAuts
     D:8: 1320 daAuts
     D:9: 1159 daAuts
     D:6: 1072 daAuts
     D:4: 1020 daAuts
     D:7: 953 daAuts
     D:1: 840 daAuts
     D:5: 667 daAuts
     D:2: 414 daAuts
   Sewer: 337 daAuts
